AoeStats
← julian.bollich

Arena

504771610Analyzed
2v2 RM · 26d ago on Sep 6, 2026· 23m 48s· 4 players
Game mode
Random Map
Map size
Medium (4 player)
Population
200
Speed
Normal
Resources
Standard
Victory
Conquest
Starting age
Dark Age
Ending age
Imperial Age
RankedLock teamsTeams togetherTeam positionsShared explorationLock speedFull tech treeHidden civsTurbo modeCheats
Victory
Defeat
🇹🇷 Bohemians · Türkiye
797
+16
🇹🇷 Franks · Türkiye
755
+17
🇹🇷 Turks · Türkiye
804
-17
🇺🇸 Khitans · United States
783
-30
SonOfRain
11:10 Feudal Age
11:49 Horse Collar
11:57 Double-Bit Axe
21:21 Castle Age
enfurars
3:55 Loom
10:56 Feudal Age
12:17 Wheelbarrow
11:36 Double-Bit Axe
14:58 Gold Mining
15:00 Stone Mining
22:21 Castle Age
23:22 Bow Saw
23:55 Gold Shaft Mining
23:39 Forging
23:31 Fletching
23:53 Husbandry
Ernc
11:26 Feudal Age
12:03 Feudal Age
13:12 Double-Bit Axe
19:14 Castle Age
19:04 Horse Collar
19:20 Stone Mining
19:44 Padded Archer Armor
20:45 Loom
22:04 Town Watch
22:54 Bow Saw
23:02 Padded Archer Armor
26:01 Imperial Age
julian.bollich
11:39 Feudal Age
13:03 Wheelbarrow
12:15 Domestication
12:24 Double-Bit Axe
13:56 Gold Mining
22:11 Castle Age
20:15 Stone Mining
24:20 Hand Cart
Connection lost

Rejoining the realm…

Still unreachable

The connection could not be restored.

Session expired

The server has moved on; the page needs a fresh start.